 Dungeon Crawl Stone Soup version 0.29-a0-817-g9904bce7a6 (webtiles) character file.

Game seed: 4584349012683422231

198 Mgcat the Trooper (level 5, -11/57 HPs)
             Began as an Ogre Berserker on July 5, 2022.
             Was a Believer of Trog.
             Mangled by nogbad's ghost (15 damage)
             ... on level 3 of the Dungeon.
             The game lasted 00:04:45 (3329 turns).

Mgcat the Trooper (Ogre Berserker)                  Turns: 3329, Time: 00:04:45

Health: -11/57     AC:  5    Str: 21 (23) XL:     5   Next: 76%
Magic:  5/5        EV: 10    Int:  7 (8)  God:    Trog [**....]
Gold:   94         SH:  0    Dex:  7 (8)  Spells: 4/4 levels left

rFire   . . .      SeeInvis .   d - +1 whip (venom)
rCold   . . .      Faith    .   (no shield)
rNeg    . . .      Spirit   .   b - +0 animal skin
rPois   .          Reflect  .   (helmet restricted)
rElec   .          Harm     .   r - +1 cloak
rCorr   .          Rampage  .   (gloves unavailable)
Will    .....                   (boots unavailable)
Stlth   +.........              (no amulet)
HPRegen 0.19/turn               (no ring)
MPRegen 0.09/turn               (no ring)

@: hasted, very quick
A: large, unfitting armour, tough skin 1
a: Renounce Religion, Berserk, Trog's Hand


You were on level 3 of the Dungeon.
You worshipped Trog.
Trog was pleased with you.
You visited 1 branch of the dungeon, and saw 3 of its levels.

You collected 200 gold pieces.
You spent 106 gold pieces at shops.

Inventory:

Hand Weapons
 a - a +0 hand axe
 d - a +1 whip of venom (weapon)
   (You took it off a kobold on level 3 of the Dungeon)
Armour
 b - a +0 animal skin (worn)
 r - a +1 cloak (worn)
   (You took it off Crazy Yiuf on level 3 of the Dungeon)
Scrolls
 e - 2 scrolls of brand weapon {unknown}
 h - a scroll of fog {unknown}
 k - 2 scrolls of immolation {!r}
 l - a scroll of enchant weapon {unknown}
 m - a scroll of vulnerability {unknown}
 n - a scroll of fear {unknown}
 o - a scroll of blinking {unknown}
Potions
 f - 3 potions of haste
 g - a potion of berserk rage {!q}
 j - 2 potions of lignification {!q}
 q - a potion of magic


   Skills:
 + Level 5.3 Fighting
 * Level 4.9 Axes
 + Level 3.6 Dodging


You had 4 spell levels left.
You didn't know any spells.
Your spell library was empty.

Dungeon Overview and Level Annotations

Branches:
Dungeon (3/15)

Altars:
Wu Jian

Shops:
D:1 (   D:3 *

Annotations:
D:3 nogbad's ghost, weakling HOFi


Innate Abilities, Weirdness & Mutations

You are too large for most types of armour.
You have tough skin. (AC +1)


Message History

Nogbad's ghost hits you.
* * * LOW HITPOINT WARNING * * *
Nogbad's ghost closely misses you.
You take 3 damage, and have 17/57 hp.
You hit nogbad's ghost but do no damage.
Nogbad's ghost is almost destroyed.
Nogbad's ghost barely misses you.
You hit nogbad's ghost but do no damage.
Nogbad's ghost is almost destroyed.
Nogbad's ghost barely misses you. Nogbad's ghost hits you!
* * * LOW HITPOINT WARNING * * *
You take 6 damage, and have 11/57 hp.
You feel better. Nogbad's ghost barely misses you.
You regained 11 hp, and now have 22/57 hp.
You are confused.
You feel invigorated. Nogbad's ghost barely misses you.
Nogbad's ghost hits you but does no damage.
You regained 7 hp, and now have 29/57 hp.
Unknown command.
Unknown command.
Unknown command.
Unknown command.
Unknown command.
Unknown command.
Unknown command.
Nogbad's ghost hits you!
You take 2 damage, and have 27/57 hp.
Unknown command.
Unknown command.
Nogbad's ghost hits you! x2
* * * LOW HITPOINT WARNING * * *
There is an open translucent door, spattered with blood here.
You take 21 damage, and have 6/57 hp.
MASSIVE DAMAGE!!
Unknown command.
You closely miss nogbad's ghost.
Nogbad's ghost is almost destroyed.
Nogbad's ghost hits you but does no damage.
Unknown command.
You regained 5 hp, and now have 11/57 hp.
Unknown command.
Unknown command.
Nogbad's ghost closely misses you. Nogbad's ghost hits you!
* * * LOW HITPOINT WARNING * * *
You take 2 damage, and have 9/57 hp.
Unknown command.
You hit nogbad's ghost.
Nogbad's ghost is almost destroyed.
You feel less invigorated.
You feel yourself speed up.
You feel less confused. Nogbad's ghost hits you.
* * * LOW HITPOINT WARNING * * *
You regained 4 hp, and now have 13/57 hp.
You hit nogbad's ghost but do no damage.
Nogbad's ghost is almost destroyed.
Nogbad's ghost barely misses you.
Unknown command.
Unknown command.
Unknown command.
You hit nogbad's ghost but do no damage.
Nogbad's ghost is almost destroyed.
Nogbad's ghost closely misses you.
Unknown command.
Unknown command.
Unknown command.
You completely miss nogbad's ghost.
Nogbad's ghost is almost destroyed.
Nogbad's ghost says, "I used to walk on water.
Now I just fly over it."
Nogbad's ghost hits you!
* * * LOW HITPOINT WARNING * * *
You take 10 damage, and have 3/57 hp.
Unknown command.
Unknown command.
Unknown command.
Nogbad's ghost closely misses you.
There is an open translucent door, spattered with blood here.
Unknown command.
Unknown command.
Unknown command.
Unknown command.
Unknown command.
Nogbad's ghost boasts, "I have defeated monsters you have never seen."
There is a stone staircase leading up here.
You hit nogbad's ghost but do no damage.
Nogbad's ghost is almost destroyed.
Nogbad's ghost hits you but does no damage.
It was a potion of degeneration.
There was something very wrong with that liquid.
You feel weakened.
You feel dopey.
You feel clumsy. Nogbad's ghost barely misses you.
It was a potion of haste.
You feel yourself speed up.
You recover from your berserk rage.
Nogbad's ghost barely misses you.
Okay, then.
Unknown command.
Unknown command.
Unknown command.
You hit nogbad's ghost but do no damage.
Nogbad's ghost is almost destroyed.
Nogbad's ghost hits you!
You die...

...............................#.
#.######.#.....................#.
.................................
######.#.#..######..####.#.#.....
###..#.#.####§§§##.....#.#.####..
.....#.#.# #§§§##.###.#.#.......
####.#.#.# #§§§#..# #.#.#######.
.......### ###§##..# #..)........
#####..### #...W@..# #....#######
...##....# #...!######....# #.
#....∩...# #.#............# #.
#.....##.# #.###################.
####..##.# #...................#.
####...#.# ###################.#.
.....#.#.# ####### #.#.
..####.#.###.....########### #.#.
.......#...'.....#.........# #.#.


You could see nogbad's ghost.

Vanquished Creatures
  A jelly (D:3)
  Crazy Yiuf (D:3)
  An orc wizard (D:3)
  3 adders
  2 worms
  2 dart slugs
  2 orcs (D:3)
  2 ball pythons
  4 bats
  9 endoplasms
  4 giant cockroaches
  8 goblins
  6 hobgoblins
  4 jackals (D:1)
  7 kobolds
  2 quokkas
  3 frilled lizards
  7 rats
68 creatures vanquished.

Notes
Turn   | Place    | Note
-------+----------+-------------------------------------------
     0 | D:1      | Mgcat the Ogre Berserker began the quest for the Orb.
     0 | D:1      | Reached XP level 1. HP: 24/24 MP: 1/1
    59 | D:1      | Reached XP level 2. HP: 22/32 MP: 2/2
   438 | D:1      | Reached skill level 3 in Dodging
   486 | D:1      | Reached XP level 3. HP: 37/40 MP: 3/3
   667 | D:1      | Noticed a shining eye
   727 | D:1      | Noticed a great orb of eyes
   728 | D:1      | Found a faded altar of an unknown god.
   732 | D:1      | Noticed a golden eye
   732 | D:1      | Noticed a great orb of eyes
   765 | D:1      | Found Kelacec's Weapon Shop.
  1028 | D:2      | Reached ** piety under Trog
  1237 | D:2      | Reached skill level 4 in Axes
  1237 | D:2      | Reached XP level 4. HP: 42/49 MP: 4/4
  1744 | D:2      | Found an ornate altar of the Wu Jian Council.
  1803 | D:2      | Identified the +5 leather armour of the Game of Kings
                  | {Rampage}
  1971 | D:3      | Reached skill level 5 in Fighting
  2214 | D:3      | Found a runed translucent door.
  2215 | D:3      | Noticed Crazy Yiuf
  2321 | D:3      | Found Ohevidd's Assorted Antiques.
  2326 | D:3      | Bought a scroll labelled YPTAIB NUEQORCH for 28 gold pieces
  2326 | D:3      | Bought a scroll labelled FEHORO ACVETO for 28 gold pieces
  2326 | D:3      | Bought a blue potion for 25 gold pieces
  2326 | D:3      | Bought a fuming black potion for 25 gold pieces
  2378 | D:3      | Found a runed translucent door.
  2379 | D:3      | Noticed nogbad's ghost (weakling HOFi)
  2388 | D:3      | Reached XP level 5. HP: 57/57 MP: 5/5
  3121 | D:3      | Killed Crazy Yiuf
  3312 | D:3      | HP: 11/57 [nogbad's ghost (7)]
  3318 | D:3      | HP: 9/57 [nogbad's ghost (7)]
  3322 | D:3      | HP: 3/57 [nogbad's ghost (10)]
  3329 | D:3      | Mangled by nogbad's ghost

Illustrated notes

Levels and vault maps discovered:
D:1:      minmay_arrival_shattered_statue, layout_basic,
          hellmonk_ecumenical_altar_watching_god, serial_shops, shop
D:2:      layout_basic, serial_aquarium, aquarium_bridge_square
          [aquarium_subvault_wall, aquarium_subvault_wall,
          aquarium_subvault_bridge, aquarium_subvault_bridge],
          aquarium_window_1, aquarium_window_1, aquarium_view_2c, basic_altar,
          minmay_stone_trees_small, grunt_ministairs_14,
          chequers_serial_rivers_large_b
D:3:      layout_basic, serial_shops, nicolae_square_shop,
          ebering_ghost_inner_flame, uniq_crazy_yiuf_cottage

Skill      XL: |  1  2  3  4 |
---------------+-------------+-----
Dodging        | 3 |  3.6
Axes           | 4 |  4.9
Fighting       | 5 |  5.3

Action                   |  1- 3 |  4- 6 || total
-------------------------+-------+-------++-------
Melee: Hand axe          |    29 |       ||    29
       Dagger            |    78 |    70 ||   148
       Punch             |     1 |     1 ||     2
       Whip              |       |    54 ||    54
Invok: Berserk           |     1 |     3 ||     4
       Trog's Hand       |       |     1 ||     1
  Use: Scroll            |       |     6 ||     6
       Potion            |       |     4 ||     4
Armor: Animal skin       |    32 |    21 ||    53
Dodge: Dodged            |    59 |    71 ||   130

Table legend: (Time is in decaauts)
 A = Elapsed time spent in this place.
 B = Non-inter-level travel time spent in this place.
 C = Inter-level travel time spent in this place.
 D = Time resting spent in this place.
 E = Time spent auto-exploring this place.
 F = Levels seen in this place.
 G = Mean time per level.
                   A        B        C        D        E       F      G
               +--------+--------+--------+--------+--------+-----+--------+
         Total |   3396 |   3364 |     32 |    756 |   2114 |   3 | 1132.0 |
       Dungeon |   3396 |   3364 |     32 |    756 |   2114 |   3 | 1132.0 |
               +--------+--------+--------+--------+--------+-----+--------+

Top non-repeatable levels by time:
     D:3: 1489 daAuts
     D:1: 993 daAuts
     D:2: 913 daAuts

Table legend:
 A = Kills in this place as a percentage of kills in entire the game.
 B = Kills by you in this place as a percentage of kills by you in the entire game.
 C = Kills by friends in this place as a percentage of kills by friends in the entire game.
 D = Other kills in this place as a percentage of other kills in the entire game.
 E = Experience gained in this place as a percentage of experience gained in the entire game.
 F = Experience gained in this place divided by the number of levels of this place that you have seen.
                   A       B       C       D       E      F
               +-------+-------+-------+-------+-------+----------------------
         Total | 100.0 | 100.0 |   N/A |   N/A | 100.0 |  94.3
       Dungeon | 100.0 | 100.0 |   N/A |   N/A | 100.0 |  94.3
               +-------+-------+-------+-------+-------+----------------------
